Canucks vs Blues
(R2)
Created - 3 décembre 2013 at 22:22
Goals
|
| Canucks |
1 |
1 |
1 |
3 |
| Blues |
1 |
2 |
2 |
5 |
|
Shots
|
| Canucks |
8 |
9 |
11 |
28 |
| Blues |
7 |
9 |
12 |
28 |
|
1st period
1. Canucks , Peter Worrell 3 (Jaromir Jagr, Mark Streit) at 0:16
2. Blues , Darcy Hordichuk 3 (Nik Antropov, Jamie Langenbrunner) at 12:43
Penalties :
David Perron (STL) for Hooking (Minor) at 0:39, Jaromir Jagr (Van) for Holding (Minor) at 4:30
2nd period
3. Blues , David Perron 6 (Matthew Lombardi) at 0:33
4. Blues , David Perron 7 (Jamie Langenbrunner, Brian Lee) at 7:57 (PP)
5. Canucks , Jaromir Jagr 9 (Erik Christensen) at 18:53
Penalties :
Brian Lee (STL) for Tripping (Minor) at 4:26, Jeremy Williams (Van) for Interference (Minor) at 6:31, Darcy Hordichuk (STL) for Holding (Minor) at 8:27, David Jones (Van) for Charging (Minor) at 10:19, Chris Campoli (STL) for Interference (Minor) at 14:58
3rd period
6. Blues , David Perron 8 (Travis Zajac, Jamie Langenbrunner) at 9:59 (PP)
7. Canucks , Clarke MacArthur 7 (Mark Streit) at 10:46
8. Blues , Chris Campoli 2 (David Perron, Brian Lee) at 13:27 (PP)
Penalties :
Bryce Lampman (STL) for Roughing (Minor) at 0:54, T.J. Hensick (Van) for Interference (Minor) at 3:44, Scott Niedermayer (Van) for Holding Stick (Minor) at 6:50, Jiri Hudler (Van) for Cross-checking (Minor) at 9:27, Scott Niedermayer (Van) for Holding (Minor) at 12:10, Brian Lee (STL) for Delaying the game (Minor) at 14:59
Goalie Stats
Carey Price (Van), 23 saves from 28 shots - (0,821), L, 10-6-0, 60:00 minutes
Tim Thomas (STL), 25 saves from 28 shots - (0,893), W, 7-5-0, 60:00 minutes
Players Stats for Canucks
Player Name G A P +/- PIM S H SB GA TA FO MP PP MP PK MP
------------------------------------------------------------------------------------
Brad Richardson 0 0 0 0 0 0 0 0 0 0 0/0 1:34 0:00 1:24
Brent Sopel 0 0 0 -1 0 1 2 0 0 0 0/0 21:16 5:07 4:36
Clarke MacArthur 1 0 1 1 0 3 2 0 0 0 1/1 19:58 4:36 4:55
Daniel Paille 0 0 0 1 0 0 1 0 0 0 0/0 5:27 0:00 0:22
David Jones 0 0 0 1 2 3 2 0 0 1 0/1 15:29 4:35 0:00
Derian Hatcher 0 0 0 -1 0 0 2 0 1 0 0/0 20:57 5:07 4:10
Erik Christensen 0 1 1 1 0 0 0 0 0 0 6/9 7:30 0:00 2:25
Fabian Brunnstrom 0 0 0 -1 0 5 1 0 0 0 1/1 11:49 0:03 0:11
François Beauchemin 0 0 0 1 0 1 0 1 0 0 0/0 9:58 0:00 0:00
Jaromir Jagr 1 1 2 1 2 4 0 0 0 0 4/9 25:11 7:11 4:15
Jeremy Williams 0 0 0 -1 2 0 1 0 0 0 0/0 11:01 0:00 0:00
Jiri Hudler 0 0 0 1 2 1 0 0 0 1 2/10 14:55 4:36 0:00
Mark Streit 0 2 2 1 0 2 1 6 1 0 0/0 29:05 6:40 6:54
Matt Stajan 0 0 0 0 0 3 1 2 0 0 12/22 20:43 7:08 2:57
Peter Worrell 1 0 1 0 0 3 2 1 1 0 3/3 23:10 7:08 5:28
Scott Niedermayer 0 0 0 1 4 0 3 2 2 0 0/0 26:35 6:40 4:19
T.J. Hensick 0 0 0 -1 2 2 2 0 0 1 3/5 11:50 0:03 0:11
Taylor Chorney 0 0 0 1 0 0 1 1 0 0 0/0 12:14 0:00 2:09
Players Stats for Blues
Player Name G A P +/- PIM S H SB GA TA FO MP PP MP PK MP
------------------------------------------------------------------------------------
Andrew Cogliano 0 0 0 -1 0 0 1 0 1 0 0/3 7:01 0:00 0:09
Blake Wheeler 0 0 0 1 0 0 1 0 0 0 0/0 8:04 0:09 0:00
Brent Burns 0 0 0 1 0 1 1 1 0 0 0/0 25:04 6:03 6:49
Brian Lee 0 2 2 -2 4 1 2 4 1 1 0/0 21:53 4:30 0:18
Bryce Lampman 0 0 0 1 2 0 1 0 0 0 0/0 15:22 0:31 4:09
Chris Campoli 1 0 1 0 2 2 1 0 0 1 0/0 17:19 4:30 4:04
Dan Boyle 0 0 0 -2 0 2 4 2 1 2 0/0 25:17 6:34 1:25
Darcy Hordichuk 1 0 1 0 2 1 1 1 0 1 0/0 12:00 0:31 1:15
David Perron 3 1 4 1 2 4 0 0 0 0 1/1 15:19 5:04 1:48
Drew Fata 0 0 0 0 0 1 0 0 0 0 0/0 15:12 0:00 6:49
Jamie Langenbrunner 0 3 3 0 0 4 1 0 0 0 0/0 19:30 5:04 3:54
Jarome Iginla 0 0 0 -1 0 5 2 1 0 0 1/1 17:01 5:29 0:00
Matthew Lombardi 0 1 1 1 0 0 1 0 0 0 7/15 14:01 0:00 6:01
Nigel Dawes 0 0 0 -1 0 0 0 0 0 0 0/0 7:14 0:00 0:22
Nik Antropov 0 1 1 0 0 1 2 0 0 0 10/18 19:42 5:29 3:54
Paul Kariya 0 0 0 -1 0 5 3 1 0 0 0/2 23:46 5:55 6:11
Steve Bernier 0 0 0 -1 0 0 1 0 0 0 0/0 6:52 0:00 0:00
Travis Zajac 0 1 1 -1 0 1 3 1 0 0 10/21 17:23 5:31 0:00
3 Stars
1 - David Perron (STL)
2 - Mark Streit (Van)
3 - Jamie Langenbrunner (STL)
Power Play
Canucks - 0 on 6 Attempt(s) - 0,00%
Blues - 3 on 7 Attempt(s) - 42,86%
Penalty Kill
Canucks - 4 on 7 Attempt(s) - 57,14%
- Score 0 goal in Penalty Kill
Blues - 6 on 6 Attempt(s) - 100,00%
- Score 0 goal in Penalty Kill
Official
Referees : Kozari Steve and Hasenfratz Mike
Linesman : Don Henderson and David Brisebois
Game Notes
David Perron has scored a Hat Trick!
Finance
Level 1 -- Attendance: 5779 (96,32%) -- Ticket Income 491 215 $
Level 2 -- Attendance: 3871 (77,42%) -- Ticket Income 212 905 $
Level 3 -- Attendance: 1806 (90,30%) -- Ticket Income 55 986 $
Level 4 -- Attendance: 3616 (90,40%) -- Ticket Income 72 320 $
Luxury Box -- Attendance: 750 (75,00%) -- Ticket Income 129 750 $
Game was played at the Scotttrade center
Total Attendance: 15822 (87,90%)
Total Ticket Income: 962 176 $
Other Income: 144 326 $
Total Income: 1 106 502 $
Canucks
5 vs 5 Forward
Center Left Wing Right Wing Time % Phy DF OF
1 Matt Stajan Peter Worrell Jaromir Jagr 40 1 2 2
2 Jiri Hudler Clarke MacArthur David Jones 30 1 2 2
3 T.J. Hensick Fabian Brunnstrom Jeremy Williams 20 1 2 2
4 Erik Christensen Daniel Paille Jaromir Jagr 10 1 2 2
5 vs 5 Defense
Defense Defense Time % Phy DF OF
1 Mark Streit Scott Niedermayer 40 1 2 2
2 Brent Sopel Derian Hatcher 30 1 2 2
3 François Beauchemin Taylor Chorney 20 1 2 2
4 Mark Streit Scott Niedermayer 10 1 2 2
PowerPlay Forward
Center Left Wing Right Wing Time % Phy DF OF
1 Matt Stajan Peter Worrell Jaromir Jagr 60 1 2 2
2 Jiri Hudler Clarke MacArthur David Jones 40 1 2 2
PowerPlay Defense
Defense Defense Time % Phy DF OF
1 Mark Streit Scott Niedermayer 60 1 2 2
2 Brent Sopel Derian Hatcher 40 1 2 2
Penalty Kill 4 Players Forward
Center Wing Time % Phy DF OF
1 Jaromir Jagr Peter Worrell 60 1 2 2
2 Clarke MacArthur Matt Stajan 40 1 2 2
Penalty Kill 4 Players Defense
Defense Defense Time % Phy DF OF
1 Mark Streit Scott Niedermayer 60 1 2 2
2 Brent Sopel Derian Hatcher 40 1 2 2
Penalty Kill - 3 Players Forward
Forward Time % Phy DF OF
1 Jaromir Jagr 60 1 2 2
2 Peter Worrell 40 1 2 2
Penalty Kill - 3 Players Defense
Defense Defense Time % Phy DF OF
1 Mark Streit Scott Niedermayer 60 1 2 2
2 Brent Sopel Derian Hatcher 40 1 2 2
4 vs 4 Forward
Center Wing Time % Phy DF OF
1 Jaromir Jagr Peter Worrell 60 1 2 2
2 Clarke MacArthur Matt Stajan 40 1 2 2
4 vs 4 Defense
Defense Defense Time % Phy DF OF
1 Mark Streit Scott Niedermayer 60 1 2 2
2 Brent Sopel Derian Hatcher 40 1 2 2
Last Minutes Offensive
Center Left Wing Right Wing Defense Defense
Matt Stajan Peter Worrell Jaromir Jagr Mark Streit Scott Niedermayer
Last Minutes Defensive
Center Left Wing Right Wing Defense Defense
Matt Stajan Peter Worrell Jaromir Jagr Mark Streit Scott Niedermayer
Goaltenders
Starting : Carey Price
Backup : Jean-Sébastien Giguère
Extra Forwards
Normal : Fabian Brunnstrom, T.J. Hensick, Erik Christensen - PP : Fabian Brunnstrom, T.J. Hensick - PK : Erik Christensen
Extra Defensemen
Normal : François Beauchemin, Taylor Chorney, Brent Sopel - PP : François Beauchemin - PK : Taylor Chorney, Brent Sopel
Penalty Shots
Jaromir Jagr, Peter Worrell, Clarke MacArthur, Matt Stajan, Fabian Brunnstrom
Blues
5 vs 5 Forward
Center Left Wing Right Wing Time % Phy DF OF
1 Travis Zajac Paul Kariya Jarome Iginla 40 1 2 2
2 Nik Antropov Darcy Hordichuk Jamie Langenbrunner 30 1 2 2
3 Matthew Lombardi David Perron Blake Wheeler 20 1 2 2
4 Andrew Cogliano Nigel Dawes Steve Bernier 10 1 2 2
5 vs 5 Defense
Defense Defense Time % Phy DF OF
1 Dan Boyle Brian Lee 40 1 2 2
2 Bryce Lampman Brent Burns 30 1 2 2
3 Drew Fata Chris Campoli 20 1 2 2
4 Dan Boyle Brent Burns 10 1 2 2
PowerPlay Forward
Center Left Wing Right Wing Time % Phy DF OF
1 Nik Antropov Paul Kariya Jarome Iginla 60 1 2 2
2 Travis Zajac David Perron Jamie Langenbrunner 40 1 2 2
PowerPlay Defense
Defense Defense Time % Phy DF OF
1 Dan Boyle Brent Burns 60 1 2 2
2 Brian Lee Chris Campoli 40 1 2 2
Penalty Kill 4 Players Forward
Center Wing Time % Phy DF OF
1 Matthew Lombardi Paul Kariya 60 1 2 2
2 Nik Antropov Jamie Langenbrunner 40 1 2 2
Penalty Kill 4 Players Defense
Defense Defense Time % Phy DF OF
1 Drew Fata Brent Burns 60 1 2 2
2 Bryce Lampman Chris Campoli 40 1 2 2
Penalty Kill - 3 Players Forward
Forward Time % Phy DF OF
1 Nik Antropov 60 1 2 2
2 Matthew Lombardi 40 1 2 2
Penalty Kill - 3 Players Defense
Defense Defense Time % Phy DF OF
1 Drew Fata Bryce Lampman 60 1 2 2
2 Chris Campoli Dan Boyle 40 1 2 2
4 vs 4 Forward
Center Wing Time % Phy DF OF
1 Travis Zajac Paul Kariya 60 1 2 2
2 Nik Antropov Jarome Iginla 40 1 2 2
4 vs 4 Defense
Defense Defense Time % Phy DF OF
1 Dan Boyle Bryce Lampman 60 1 2 2
2 Brent Burns Drew Fata 40 1 2 2
Last Minutes Offensive
Center Left Wing Right Wing Defense Defense
Travis Zajac Paul Kariya Jarome Iginla Dan Boyle Brent Burns
Last Minutes Defensive
Center Left Wing Right Wing Defense Defense
Nik Antropov Paul Kariya Jamie Langenbrunner Bryce Lampman Drew Fata
Goaltenders
Starting : Tim Thomas
Backup : Tuukka Rask
Extra Forwards
Normal : Steve Bernier, Blake Wheeler, Nigel Dawes - PP : Blake Wheeler, Darcy Hordichuk - PK : David Perron
Extra Defensemen
Normal : Brian Lee, Drew Fata, Brent Burns - PP : Bryce Lampman - PK : Dan Boyle, Brian Lee
Penalty Shots
David Perron, Nik Antropov, Jarome Iginla, Paul Kariya, Travis Zajac
% Time on Ice - Canucks
Lines # - Real PCT - Wanted PCT - Time Play
Normal Forward
1 - 29% - 40% - 10:49
2 - 28% - 30% - 10:27
3 - 29% - 20% - 10:49
4 - 13% - 10% - 4:57
Normal Defense
1 - 41% - 40% - 15:14
2 - 31% - 30% - 11:26
3 - 27% - 20% - 9:58
4 - 1% - 10% - 0:24
PP Forward
1 - 61% - 60% - 7:11
2 - 39% - 40% - 4:36
PP Defense
1 - 57% - 60% - 6:40
2 - 43% - 40% - 5:07
PK Forward
1 - 72% - 60% - 7:58
2 - 28% - 40% - 3:06
PK Defense
1 - 63% - 60% - 6:55
2 - 38% - 40% - 4:09
PK3 Forward
1 - 0% - 60%
2 - 0% - 40%
PK3 Defense
1 - 0% - 60%
2 - 0% - 40%
44 Forward
1 - 100% - 60% - 0:07
2 - 0% - 40% - 0:00
44 Defense
1 - 0% - 60% - 0:00
2 - 100% - 40% - 0:07
Last Minute Offensive - 0:00
Last Minute Defensive - 0:00
Total
Forward - 60:00
Defense - 60:00
|
% Time on Ice - Blues
Lines # - Real PCT - Wanted PCT - Time Play
Normal Forward
1 - 32% - 40% - 11:43
2 - 28% - 30% - 10:32
3 - 21% - 20% - 7:55
4 - 19% - 10% - 6:52
Normal Defense
1 - 45% - 40% - 16:44
2 - 30% - 30% - 11:06
3 - 22% - 20% - 8:19
4 - 2% - 10% - 0:53
PP Forward
1 - 54% - 60% - 6:00
2 - 46% - 40% - 5:04
PP Defense
1 - 59% - 60% - 6:34
2 - 41% - 40% - 4:30
PK Forward
1 - 67% - 60% - 7:53
2 - 33% - 40% - 3:54
PK Defense
1 - 58% - 60% - 6:49
2 - 42% - 40% - 4:58
PK3 Forward
1 - 0% - 60%
2 - 0% - 40%
PK3 Defense
1 - 0% - 60%
2 - 0% - 40%
44 Forward
1 - 100% - 60% - 0:07
2 - 0% - 40% - 0:00
44 Defense
1 - 100% - 60% - 0:07
2 - 0% - 40% - 0:00
Last Minute Offensive - 0:00
Last Minute Defensive - 0:00
Total
Forward - 60:00
Defense - 60:00
|
Play by Play
1st period
0:01 of 1st period - Matt Stajan wins face-off versus Travis Zajac in neutral zone.
0:04 of 1st period - Slapshot by Mark Streit.
0:04 of 1st period - Deflect By Jaromir Jagr.
0:04 of 1st period - Stopped by Tim Thomas with a rebound.
0:14 of 1st period - Wrist shot by Peter Worrell.
0:14 of 1st period - Stopped by Tim Thomas with a rebound.
0:16 of 1st period - Snap shot by Jaromir Jagr.
0:16 of 1st period - Deflect By Peter Worrell.
0:16 of 1st period - Goal by Peter Worrell - Canucks : 1 - Blues : 0.
0:17 of 1st period - Nik Antropov wins face-off versus Jiri Hudler in neutral zone.
0:20 of 1st period - Wrist shot by Nik Antropov.
0:20 of 1st period - Stopped by Carey Price with a rebound.
0:39 of 1st period - Minor Penalty to David Perron for Hooking.
0:40 of 1st period - Peter Worrell wins face-off versus Matthew Lombardi in Blues zone.
2:39 of 1st period - Penalty to David Perron is over, David Perron is back on ice.
3:23 of 1st period - Taylor Chorney is hit by Andrew Cogliano and loses puck.
3:43 of 1st period - Icing by Blake Wheeler.
3:44 of 1st period - David Perron wins face-off versus David Jones in Blues zone.
4:30 of 1st period - Minor Penalty to Jaromir Jagr for Holding.
4:31 of 1st period - Nik Antropov wins face-off versus Erik Christensen in Canucks zone.
4:32 of 1st period - Backhand shot by Paul Kariya.
4:32 of 1st period - Stopped by Carey Price with a rebound.
4:34 of 1st period - Snap shot by Paul Kariya.
4:34 of 1st period - Shot Blocked by Peter Worrell.
4:36 of 1st period - Snap shot by Nik Antropov.
4:36 of 1st period - Shot Misses the Net.
4:38 of 1st period - Wrist shot by Dan Boyle.
4:38 of 1st period - Deflect By Jarome Iginla.
4:38 of 1st period - Stopped by Carey Price without a rebound.
4:39 of 1st period - Nik Antropov wins face-off versus Erik Christensen in Canucks zone.
4:44 of 1st period - Wrist shot by Jarome Iginla.
4:44 of 1st period - Stopped by Carey Price without a rebound.
4:45 of 1st period - Erik Christensen wins face-off versus Nik Antropov in Canucks zone.
5:19 of 1st period - Snap shot by David Perron.
5:19 of 1st period - Shot Misses the Net.
5:21 of 1st period - Slapshot by Chris Campoli.
5:21 of 1st period - Stopped by Carey Price with a rebound.
5:23 of 1st period - Wrist shot by Jamie Langenbrunner.
5:23 of 1st period - Stopped by Carey Price with a rebound.
6:30 of 1st period - Penalty to Jaromir Jagr is over, Jaromir Jagr is back on ice.
6:48 of 1st period - Slapshot by François Beauchemin.
6:48 of 1st period - Shot Misses the Net.
7:16 of 1st period - Brent Burns is hit by Mark Streit.
7:22 of 1st period - Wrist shot by Clarke MacArthur.
7:22 of 1st period - Stopped by Tim Thomas without a rebound.
7:23 of 1st period - Nik Antropov wins face-off versus Jiri Hudler in Blues zone.
7:51 of 1st period - Jaromir Jagr is hit by Brian Lee and loses puck.
8:08 of 1st period - Slapshot by Fabian Brunnstrom.
8:08 of 1st period - Stopped by Tim Thomas without a rebound.
8:09 of 1st period - T.J. Hensick wins face-off versus Matthew Lombardi in Blues zone.
8:24 of 1st period - Snap shot by Matthew Lombardi.
8:24 of 1st period - Shot Misses the Net.
8:40 of 1st period - Backhand shot by Jaromir Jagr.
8:40 of 1st period - Shot Misses the Net.
8:42 of 1st period - Snap shot by Jaromir Jagr.
8:42 of 1st period - Deflect By Jarome Iginla.
8:42 of 1st period - Shot Misses the Net.
8:42 of 1st period - Puck is out of play.
8:43 of 1st period - Matt Stajan wins face-off versus Nik Antropov in Blues zone.
8:54 of 1st period - Snap shot by Dan Boyle.
8:54 of 1st period - Shot Blocked by Mark Streit.
9:10 of 1st period - Clarke MacArthur is hit by Travis Zajac and loses puck.
10:01 of 1st period - Slapshot by Jamie Langenbrunner.
10:01 of 1st period - Shot Blocked by Matt Stajan.
10:13 of 1st period - Steve Bernier is hit by Scott Niedermayer and loses puck.
10:45 of 1st period - Jarome Iginla is hit by Taylor Chorney and loses puck.
10:56 of 1st period - Jaromir Jagr is hit by Matthew Lombardi and loses puck.
11:05 of 1st period - Wrist shot by Matthew Lombardi.
11:05 of 1st period - Shot Misses the Net.
11:07 of 1st period - Slapshot by Bryce Lampman.
11:07 of 1st period - Deflect By Blake Wheeler.
11:07 of 1st period - Shot Misses the Net.
11:07 of 1st period - Puck is out of play.
11:08 of 1st period - Nik Antropov wins face-off versus Jiri Hudler in Canucks zone.
11:13 of 1st period - Wrist shot by Nik Antropov.
11:13 of 1st period - Shot Blocked by Mark Streit.
11:33 of 1st period - Mark Streit is hit by Jarome Iginla and loses puck.
12:37 of 1st period - Slapshot by Jamie Langenbrunner.
12:37 of 1st period - Shot Misses the Net.
12:43 of 1st period - Slapshot by Darcy Hordichuk.
12:43 of 1st period - Goal by Darcy Hordichuk - Canucks : 1 - Blues : 1.
12:44 of 1st period - Jiri Hudler wins face-off versus Travis Zajac in neutral zone.
13:09 of 1st period - Matt Stajan is hit by Dan Boyle and loses puck.
13:20 of 1st period - Snap shot by Nik Antropov.
13:20 of 1st period - Shot Blocked by Mark Streit.
13:22 of 1st period - Slapshot by Brent Burns.
13:22 of 1st period - Shot Misses the Net.
14:01 of 1st period - Snap shot by Nigel Dawes.
14:01 of 1st period - Shot Misses the Net.
14:29 of 1st period - David Jones is hit by Jamie Langenbrunner and loses puck.
14:38 of 1st period - Snap shot by Jiri Hudler.
14:38 of 1st period - Shot Blocked by Brian Lee.
14:40 of 1st period - Snap shot by Jiri Hudler.
14:40 of 1st period - Stopped by Tim Thomas with a rebound.
14:42 of 1st period - Slapshot by Scott Niedermayer.
14:42 of 1st period - Shot Misses the Net.
14:44 of 1st period - Wrist shot by Clarke MacArthur.
14:44 of 1st period - Stopped by Tim Thomas with a rebound.
14:46 of 1st period - Wrist shot by Clarke MacArthur.
14:46 of 1st period - Shot Blocked by Brian Lee.
14:48 of 1st period - Wrist shot by David Jones.
14:48 of 1st period - Deflect By Dan Boyle.
14:48 of 1st period - Stopped by Tim Thomas without a rebound.
14:49 of 1st period - Jarome Iginla wins face-off versus Matt Stajan in Blues zone.
15:15 of 1st period - Jamie Langenbrunner is hit by Jeremy Williams and loses puck.
15:50 of 1st period - Derian Hatcher is hit by Paul Kariya and loses puck.
16:51 of 1st period - Bryce Lampman is hit by Brent Sopel and loses puck.
17:02 of 1st period - Daniel Paille is hit by Travis Zajac and loses puck.
17:30 of 1st period - Snap shot by Jamie Langenbrunner.
17:30 of 1st period - Shot Misses the Net.
18:05 of 1st period - Blake Wheeler is hit by Peter Worrell and loses puck.
18:16 of 1st period - Scott Niedermayer is hit by Brian Lee and loses puck.
19:57 of 1st period - Darcy Hordichuk is hit by Scott Niedermayer and loses puck.
2nd period
0:01 of 2nd period - Matt Stajan wins face-off versus Travis Zajac in neutral zone.
0:26 of 2nd period - Jaromir Jagr is hit by Dan Boyle and loses puck.
0:33 of 2nd period - Wrist shot by Matthew Lombardi.
0:33 of 2nd period - Deflect By David Perron.
0:33 of 2nd period - Goal by David Perron - Canucks : 1 - Blues : 2.
0:34 of 2nd period - Travis Zajac wins face-off versus Jiri Hudler in neutral zone.
0:44 of 2nd period - Snap shot by David Jones.
0:44 of 2nd period - Stopped by Tim Thomas with a rebound.
0:46 of 2nd period - Slapshot by Scott Niedermayer.
0:46 of 2nd period - Shot Blocked by Travis Zajac.
0:57 of 2nd period - Icing by Travis Zajac.
0:58 of 2nd period - Nik Antropov wins face-off versus Matt Stajan in Blues zone.
1:09 of 2nd period - Slapshot by Nik Antropov.
1:09 of 2nd period - Shot Blocked by Matt Stajan.
1:31 of 2nd period - Snap shot by Travis Zajac.
1:31 of 2nd period - Stopped by Carey Price with a rebound.
1:33 of 2nd period - Wrist shot by Jarome Iginla.
1:33 of 2nd period - Shot Misses the Net.
1:35 of 2nd period - Backhand shot by Bryce Lampman.
1:35 of 2nd period - Shot Misses the Net.
2:51 of 2nd period - Off-side.
2:52 of 2nd period - Matt Stajan wins face-off versus Travis Zajac in neutral zone.
3:16 of 2nd period - Scott Niedermayer is hit by Bryce Lampman and loses puck.
3:25 of 2nd period - Slapshot by David Jones.
3:25 of 2nd period - Stopped by Tim Thomas with a rebound.
3:27 of 2nd period - Slapshot by Scott Niedermayer.
3:27 of 2nd period - Shot Misses the Net.
4:10 of 2nd period - Snap shot by François Beauchemin.
4:10 of 2nd period - Stopped by Tim Thomas without a rebound.
4:11 of 2nd period - Travis Zajac wins face-off versus Jiri Hudler in Blues zone.
4:23 of 2nd period - Snap shot by Jarome Iginla.
4:23 of 2nd period - Stopped by Carey Price with a rebound.
4:25 of 2nd period - Slapshot by Brian Lee.
4:25 of 2nd period - Stopped by Carey Price without a rebound.
4:26 of 2nd period - Matt Stajan wins face-off versus Travis Zajac in Canucks zone.
4:26 of 2nd period - Minor Penalty to Brian Lee for Tripping.
4:27 of 2nd period - Matthew Lombardi wins face-off versus Matt Stajan in Blues zone.
4:52 of 2nd period - Matthew Lombardi is hit by Clarke MacArthur and loses puck.
6:05 of 2nd period - Derian Hatcher is hit by Brent Burns and loses puck.
6:26 of 2nd period - Penalty to Brian Lee is over, Brian Lee is back on ice.
6:31 of 2nd period - Minor Penalty to Jeremy Williams for Interference.
6:32 of 2nd period - Peter Worrell wins face-off versus Nik Antropov in Canucks zone.
6:45 of 2nd period - Snap shot by Dan Boyle.
6:45 of 2nd period - Stopped by Carey Price without a rebound.
6:46 of 2nd period - Nik Antropov wins face-off versus Jaromir Jagr in Canucks zone.
6:49 of 2nd period - Slapshot by Jarome Iginla.
6:49 of 2nd period - Shot Misses the Net.
6:51 of 2nd period - Slapshot by Paul Kariya.
6:51 of 2nd period - Stopped by Carey Price without a rebound.
6:52 of 2nd period - Jaromir Jagr wins face-off versus Nik Antropov in Canucks zone.
7:05 of 2nd period - Scott Niedermayer is hit by Dan Boyle and loses puck.
7:22 of 2nd period - Snap shot by Travis Zajac.
7:22 of 2nd period - Deflect By Jamie Langenbrunner.
7:22 of 2nd period - Stopped by Carey Price without a rebound.
7:23 of 2nd period - Travis Zajac wins face-off versus Jaromir Jagr in Canucks zone.
7:57 of 2nd period - Snap shot by David Perron.
7:57 of 2nd period - Goal by David Perron - Canucks : 1 - Blues : 3.
7:58 of 2nd period - Matt Stajan wins face-off versus Travis Zajac in neutral zone.
8:03 of 2nd period - Slapshot by Mark Streit.
8:03 of 2nd period - Shot Blocked by Paul Kariya.
8:05 of 2nd period - Snap shot by Matt Stajan.
8:05 of 2nd period - Shot Blocked by Jarome Iginla.
8:23 of 2nd period - Brian Lee is hit by David Jones and loses puck.
8:27 of 2nd period - Minor Penalty to Darcy Hordichuk for Holding.
8:28 of 2nd period - Matthew Lombardi wins face-off versus Matt Stajan in Blues zone.
8:49 of 2nd period - Scott Niedermayer is hit by Paul Kariya and loses puck.
9:35 of 2nd period - Matthew Lombardi is hit by Peter Worrell and loses puck.
10:18 of 2nd period - Slapshot by Jaromir Jagr.
10:18 of 2nd period - Stopped by Tim Thomas without a rebound.
10:19 of 2nd period - Matthew Lombardi wins face-off versus Jiri Hudler in Blues zone.
10:19 of 2nd period - Minor Penalty to David Jones for Charging.
10:20 of 2nd period - Fabian Brunnstrom wins face-off versus Travis Zajac in Canucks zone.
10:27 of 2nd period - Penalty to Darcy Hordichuk is over, Darcy Hordichuk is back on ice.
10:29 of 2nd period - Wrist shot by T.J. Hensick.
10:29 of 2nd period - Stopped by Tim Thomas with a rebound.
10:57 of 2nd period - Snap shot by Paul Kariya.
10:57 of 2nd period - Deflect By Darcy Hordichuk.
10:57 of 2nd period - Shot Misses the Net.
10:57 of 2nd period - Puck is out of play.
10:58 of 2nd period - Clarke MacArthur wins face-off versus Nik Antropov in Canucks zone.
11:05 of 2nd period - Chris Campoli is hit by Scott Niedermayer and loses puck.
12:19 of 2nd period - Penalty to David Jones is over, David Jones is back on ice.
12:38 of 2nd period - Slapshot by Drew Fata.
12:38 of 2nd period - Stopped by Carey Price with a rebound.
13:29 of 2nd period - Chris Campoli is hit by Daniel Paille and loses puck.
13:40 of 2nd period - Jiri Hudler is hit by Travis Zajac and loses puck.
13:53 of 2nd period - Blake Wheeler is hit by Fabian Brunnstrom and loses puck.
14:58 of 2nd period - Minor Penalty to Chris Campoli for Interference.
14:59 of 2nd period - Matt Stajan wins face-off versus Matthew Lombardi in Blues zone.
15:02 of 2nd period - Snap shot by Peter Worrell.
15:02 of 2nd period - Shot Misses the Net.
15:06 of 2nd period - Slapshot by Peter Worrell.
15:06 of 2nd period - Shot Misses the Net.
15:08 of 2nd period - Slapshot by Brent Sopel.
15:08 of 2nd period - Deflect By Jaromir Jagr.
15:08 of 2nd period - Shot Misses the Net.
15:08 of 2nd period - Puck is out of play.
15:09 of 2nd period - Peter Worrell wins face-off versus Paul Kariya in Blues zone.
15:12 of 2nd period - Slapshot by Peter Worrell.
15:12 of 2nd period - Shot Misses the Net.
15:14 of 2nd period - Snap shot by Peter Worrell.
15:14 of 2nd period - Shot Blocked by Brent Burns.
15:16 of 2nd period - Slapshot by Derian Hatcher.
15:16 of 2nd period - Deflect By Matt Stajan.
15:16 of 2nd period - Stopped by Tim Thomas without a rebound.
15:17 of 2nd period - Matt Stajan wins face-off versus Matthew Lombardi in Blues zone.
16:21 of 2nd period - David Jones is hit by Nik Antropov and loses puck.
16:58 of 2nd period - Penalty to Chris Campoli is over, Chris Campoli is back on ice.
17:01 of 2nd period - Chris Campoli is hit by Derian Hatcher and loses puck.
17:08 of 2nd period - Nigel Dawes is hit by T.J. Hensick and loses puck.
17:43 of 2nd period - Slapshot by Chris Campoli.
17:43 of 2nd period - Shot Misses the Net.
18:07 of 2nd period - Clarke MacArthur is hit by Dan Boyle and loses puck.
18:45 of 2nd period - Slapshot by Brent Sopel.
18:45 of 2nd period - Stopped by Tim Thomas without a rebound.
18:46 of 2nd period - Erik Christensen wins face-off versus Andrew Cogliano in Blues zone.
18:47 of 2nd period - Wrist shot by Jaromir Jagr.
18:47 of 2nd period - Stopped by Tim Thomas without a rebound.
18:48 of 2nd period - Erik Christensen wins face-off versus Andrew Cogliano in Blues zone.
18:53 of 2nd period - Snap shot by Jaromir Jagr.
18:53 of 2nd period - Goal by Jaromir Jagr - Canucks : 2 - Blues : 3.
18:54 of 2nd period - Travis Zajac wins face-off versus Matt Stajan in neutral zone.
18:56 of 2nd period - Off-side.
18:57 of 2nd period - Travis Zajac wins face-off versus Matt Stajan in neutral zone.
3rd period
0:01 of 3rd period - Matt Stajan wins face-off versus Paul Kariya in neutral zone.
0:10 of 3rd period - Slapshot by Scott Niedermayer.
0:10 of 3rd period - Shot Misses the Net.
0:49 of 3rd period - Snap shot by David Perron.
0:49 of 3rd period - Shot Blocked by Scott Niedermayer.
0:54 of 3rd period - Minor Penalty to Bryce Lampman for Roughing.
0:55 of 3rd period - Matt Stajan wins face-off versus Matthew Lombardi in Blues zone.
1:10 of 3rd period - Snap shot by Peter Worrell.
1:10 of 3rd period - Stopped by Tim Thomas with a rebound.
2:32 of 3rd period - Clarke MacArthur is hit by Nik Antropov and loses puck.
2:41 of 3rd period - Brent Burns is hit by David Jones and loses puck.
2:54 of 3rd period - Penalty to Bryce Lampman is over, Bryce Lampman is back on ice.
3:07 of 3rd period - Snap shot by Fabian Brunnstrom.
3:07 of 3rd period - Stopped by Tim Thomas with a rebound.
3:09 of 3rd period - Wrist shot by Jeremy Williams.
3:09 of 3rd period - Shot Blocked by Dan Boyle.
3:11 of 3rd period - Slapshot by Jeremy Williams.
3:11 of 3rd period - Shot Misses the Net.
3:13 of 3rd period - Backhand shot by Fabian Brunnstrom.
3:13 of 3rd period - Stopped by Tim Thomas without a rebound.
3:14 of 3rd period - T.J. Hensick wins face-off versus Matthew Lombardi in Blues zone.
3:21 of 3rd period - Snap shot by Brent Burns.
3:21 of 3rd period - Deflect By Blake Wheeler.
3:21 of 3rd period - Shot Misses the Net.
3:21 of 3rd period - Puck is out of play.
3:22 of 3rd period - T.J. Hensick wins face-off versus Matthew Lombardi in Canucks zone.
3:22 of 3rd period - T.J. Hensick is hit by Blake Wheeler.
3:29 of 3rd period - Icing by François Beauchemin.
3:30 of 3rd period - Travis Zajac wins face-off versus T.J. Hensick in Canucks zone.
3:33 of 3rd period - Snap shot by Jarome Iginla.
3:33 of 3rd period - Shot Misses the Net.
3:35 of 3rd period - Slapshot by Brian Lee.
3:35 of 3rd period - Shot Blocked by François Beauchemin.
3:43 of 3rd period - Snap shot by Jarome Iginla.
3:43 of 3rd period - Shot Blocked by Taylor Chorney.
3:44 of 3rd period - Minor Penalty to T.J. Hensick for Interference.
3:45 of 3rd period - Nik Antropov wins face-off versus Jaromir Jagr in Canucks zone.
3:46 of 3rd period - Snap shot by Paul Kariya.
3:46 of 3rd period - Stopped by Carey Price with a rebound.
3:48 of 3rd period - Slapshot by Dan Boyle.
3:48 of 3rd period - Shot Blocked by Mark Streit.
3:50 of 3rd period - Wrist shot by Paul Kariya.
3:50 of 3rd period - Shot Misses the Net.
4:00 of 3rd period - Wrist shot by Jarome Iginla.
4:00 of 3rd period - Shot Blocked by Mark Streit.
4:20 of 3rd period - Slapshot by Travis Zajac.
4:20 of 3rd period - Shot Blocked by Scott Niedermayer.
5:44 of 3rd period - Penalty to T.J. Hensick is over, T.J. Hensick is back on ice.
5:52 of 3rd period - Derian Hatcher is hit by Steve Bernier and loses puck.
6:10 of 3rd period - Off-side.
6:11 of 3rd period - Matthew Lombardi wins face-off versus Jiri Hudler in neutral zone.
6:35 of 3rd period - Snap shot by Fabian Brunnstrom.
6:35 of 3rd period - Stopped by Tim Thomas with a rebound.
6:39 of 3rd period - Slapshot by T.J. Hensick.
6:39 of 3rd period - Shot Misses the Net.
6:41 of 3rd period - Wrist shot by Fabian Brunnstrom.
6:41 of 3rd period - Stopped by Tim Thomas without a rebound.
6:42 of 3rd period - Matt Stajan wins face-off versus Travis Zajac in Blues zone.
6:50 of 3rd period - Minor Penalty to Scott Niedermayer for Holding Stick.
6:51 of 3rd period - Jaromir Jagr wins face-off versus Nik Antropov in Canucks zone.
7:00 of 3rd period - Wrist shot by Paul Kariya.
7:00 of 3rd period - Stopped by Carey Price without a rebound.
7:01 of 3rd period - Jaromir Jagr wins face-off versus Nik Antropov in Canucks zone.
7:50 of 3rd period - Slapshot by Brent Burns.
7:50 of 3rd period - Stopped by Carey Price with a rebound.
8:50 of 3rd period - Penalty to Scott Niedermayer is over, Scott Niedermayer is back on ice.
9:27 of 3rd period - Minor Penalty to Jiri Hudler for Cross-checking.
9:28 of 3rd period - Jaromir Jagr wins face-off versus Nik Antropov in Canucks zone.
9:59 of 3rd period - Snap shot by David Perron.
9:59 of 3rd period - Goal by David Perron - Canucks : 2 - Blues : 4.
10:00 of 3rd period - Travis Zajac wins face-off versus Matt Stajan in neutral zone.
10:10 of 3rd period - Icing by Brian Lee.
10:11 of 3rd period - Matt Stajan wins face-off versus Travis Zajac in Blues zone.
10:16 of 3rd period - Snap shot by Matt Stajan.
10:16 of 3rd period - Stopped by Tim Thomas without a rebound.
10:17 of 3rd period - Travis Zajac wins face-off versus Matt Stajan in Blues zone.
10:42 of 3rd period - Wrist shot by Clarke MacArthur.
10:42 of 3rd period - Shot Misses the Net.
10:44 of 3rd period - Slapshot by Mark Streit.
10:44 of 3rd period - Stopped by Tim Thomas with a rebound.
10:46 of 3rd period - Snap shot by Clarke MacArthur.
10:46 of 3rd period - Goal by Clarke MacArthur - Canucks : 3 - Blues : 4.
10:47 of 3rd period - Travis Zajac wins face-off versus Matt Stajan in neutral zone.
11:22 of 3rd period - Snap shot by Peter Worrell.
11:22 of 3rd period - Shot Blocked by Brian Lee.
11:45 of 3rd period - Snap shot by Jamie Langenbrunner.
11:45 of 3rd period - Stopped by Carey Price with a rebound.
12:10 of 3rd period - Minor Penalty to Scott Niedermayer for Holding.
12:11 of 3rd period - Nik Antropov wins face-off versus Jaromir Jagr in Canucks zone.
12:26 of 3rd period - Snap shot by Jarome Iginla.
12:26 of 3rd period - Stopped by Carey Price with a rebound.
12:43 of 3rd period - Clarke MacArthur is hit by Chris Campoli and loses puck.
12:52 of 3rd period - Travis Zajac is hit by Clarke MacArthur and loses puck.
12:59 of 3rd period - Snap shot by Matt Stajan.
12:59 of 3rd period - Stopped by Tim Thomas with a rebound.
13:25 of 3rd period - Slapshot by Chris Campoli.
13:25 of 3rd period - Shot Misses the Net.
13:27 of 3rd period - Wrist shot by Chris Campoli.
13:27 of 3rd period - Goal by Chris Campoli - Canucks : 3 - Blues : 5.
13:28 of 3rd period - Erik Christensen wins face-off versus Andrew Cogliano in neutral zone.
13:38 of 3rd period - Off-side.
13:39 of 3rd period - Travis Zajac wins face-off versus Jaromir Jagr in neutral zone.
13:53 of 3rd period - Snap shot by Jaromir Jagr.
13:53 of 3rd period - Shot Blocked by Dan Boyle.
14:00 of 3rd period - Icing by Brian Lee.
14:01 of 3rd period - Jiri Hudler wins face-off versus Travis Zajac in Blues zone.
14:10 of 3rd period - Snap shot by Jiri Hudler.
14:10 of 3rd period - Shot Misses the Net.
14:58 of 3rd period - Slapshot by Brian Lee.
14:58 of 3rd period - Shot Blocked by Mark Streit.
14:59 of 3rd period - Minor Penalty to Brian Lee for Delaying the game.
15:00 of 3rd period - Matthew Lombardi wins face-off versus Matt Stajan in Blues zone.
15:00 of 3rd period - Matthew Lombardi is hit by Matt Stajan.
15:30 of 3rd period - Drew Fata is hit by Derian Hatcher and loses puck.
15:35 of 3rd period - Slapshot by David Jones.
15:35 of 3rd period - Shot Hit the Post.
15:55 of 3rd period - Snap shot by Nik Antropov.
15:55 of 3rd period - Shot Misses the Net.
16:59 of 3rd period - Penalty to Brian Lee is over, Brian Lee is back on ice.
17:17 of 3rd period - Wrist shot by T.J. Hensick.
17:17 of 3rd period - Stopped by Tim Thomas with a rebound.
17:19 of 3rd period - Slapshot by Mark Streit.
17:19 of 3rd period - Deflect By Jamie Langenbrunner.
17:19 of 3rd period - Stopped by Tim Thomas without a rebound.
17:20 of 3rd period - Nik Antropov wins face-off versus T.J. Hensick in Blues zone.
17:25 of 3rd period - Snap shot by Jamie Langenbrunner.
17:25 of 3rd period - Stopped by Carey Price with a rebound.
17:33 of 3rd period - Backhand shot by T.J. Hensick.
17:33 of 3rd period - Deflect By Jeremy Williams.
17:33 of 3rd period - Shot Blocked by Brian Lee.
17:33 of 3rd period - Puck is out of play.
17:34 of 3rd period - Matthew Lombardi wins face-off versus Jiri Hudler in Blues zone.
17:34 of 3rd period - Matthew Lombardi is hit by Brent Sopel.
18:09 of 3rd period - Fabian Brunnstrom is hit by Jarome Iginla and loses puck.
18:14 of 3rd period - Snap shot by Jarome Iginla.
18:14 of 3rd period - Stopped by Carey Price without a rebound.
18:15 of 3rd period - Erik Christensen wins face-off versus Travis Zajac in Canucks zone.
18:15 of 3rd period - Erik Christensen is hit by Paul Kariya.
18:21 of 3rd period - Wrist shot by Paul Kariya.
18:21 of 3rd period - Stopped by Carey Price with a rebound.
18:41 of 3rd period - T.J. Hensick is hit by Darcy Hordichuk and loses puck.
18:50 of 3rd period - Wrist shot by Darcy Hordichuk.
18:50 of 3rd period - Deflect By Jamie Langenbrunner.
18:50 of 3rd period - Shot Misses the Net.
18:50 of 3rd period - Puck is out of play.
18:51 of 3rd period - Erik Christensen wins face-off versus Matthew Lombardi in Canucks zone.
19:16 of 3rd period - Dan Boyle is hit by T.J. Hensick.
19:25 of 3rd period - Slapshot by Dan Boyle.
19:25 of 3rd period - Stopped by Carey Price without a rebound.
19:26 of 3rd period - Matthew Lombardi wins face-off versus Erik Christensen in Canucks zone.
19:27 of 3rd period - Wrist shot by David Perron.
19:27 of 3rd period - Stopped by Carey Price with a rebound.
19:57 of 3rd period - Wrist shot by Fabian Brunnstrom.
19:57 of 3rd period - Shot Blocked by Darcy Hordichuk.
Output by the SimonT Hockey Simulator (STHS) for François Prévost -- Original Page W3C XHTML 1.0 Valid